 Dungeon Crawl Stone Soup version 0.31-a0-965-g8a8ce12e04 (webtiles) character file.

Game seed: 9594421750064298691

10132 Pooter the Cleaver (level 11, -2/95 (99) HPs)
             Began as a Minotaur Berserker on Oct 25, 2023.
             Was an Elder of Trog.
             Slain by a two-headed ogre
             ... wielding a +0 giant spiked club
              (23 damage)
             ... on level 10 of the Dungeon on Oct 27, 2023.
             The game lasted 01:01:09 (11145 turns).

Pooter the Cleaver (Minotaur Berserker)            Turns: 11145, Time: 01:01:10

HP:   -2/95 (99)    AC:  9    Str: 25    XL:     11   Next: 32%
MP:   3/3           EV: 11    Int:  4    God:    Trog [****..]
Gold: 217           SH:  0    Dex: 11    Spells: 10/10 levels left

rFire   . . .        a - +4 executioner's axe (antimagic)
rCold   . . .        (shield currently unavailable)
rNeg    + . .        z - +3 ring mail
rPois   +            (helmet restricted)
rElec   .            R - +0 cloak
rCorr   .            (no gloves)
SInv    .            (no boots)
Will    ++...        h - amulet "Uppae" {+Blink rPois rN+ Will+ Regen+}
Stlth   +            f - ring of willpower
HPRegen 1.15/turn    j - ring of flight
MPRegen 0.08/turn

%: no passive effects
@: flying, lightly drained
A: horns 2, retaliatory headbutt
a: Renounce Religion, Evoke Blink, Berserk, Trog's Hand, Brothers in Arms


You were on level 10 of the Dungeon.
You worshipped Trog.
Trog was greatly pleased with you.
You visited 1 branch of the dungeon, and saw 10 of its levels.
You also visited: Bailey.

You collected 507 gold pieces.
You spent 290 gold pieces at shops.

Inventory:

Hand Weapons
 a - a +4 antimagic executioner's axe (weapon)
   (You acquired it in a bailey)
 b - a +1 arbalest of freezing
   (You took it off an orc warrior in a bailey)
 p - the +7 Throatcutter {drain, coup de grace}
   (You found it on level 3 of the Dungeon)
 s - a +0 halberd
   (You took it off a gnoll on level 4 of the Dungeon)
 B - a +1 orcbow
   (You found it on level 1 of the Dungeon)
 F - a +0 war axe
   (You found it on level 4 of the Dungeon)
 G - the +5 spear "Uwantewk" {flame, +Blink rF+ Str-4 Int+4}
   (You found it on level 8 of the Dungeon)

   Str-4:     It affects your strength (-4).
   Int+4:     It affects your intelligence (+4).
   rF+:       It protects you from fire.
   +Blink:    It lets you blink.
 J - a +2 morningstar
   (You took it off a wight on level 10 of the Dungeon)
 K - a +1 battleaxe
   (You took it off a wight on level 7 of the Dungeon)
 O - a +1 heavy shortbow
   (You took it off a centaur on level 9 of the Dungeon)
Missiles
 i - 3 darts of dispersal {!f}
 o - 55 poisoned darts (quivered)
 A - 15 boomerangs
 C - 3 javelins
 M - 2 curare-tipped darts
 Q - 107 stones
Armour
 y - a +0 chain mail
   (You found it on level 2 of the Dungeon)
 z - a +3 ring mail (worn)
   (You took it off an orc on level 6 of the Dungeon)
 R - a +0 cloak (worn)
   (You found it on level 6 of the Dungeon)
Jewellery
 f - a ring of willpower (left hand)
   (You found it on level 1 of the Dungeon)
 h - the amulet "Uppae" (around neck) {+Blink rPois rN+ Will+ Regen+}
   (You acquired it on level 2 of the Dungeon)

   [amulet of regeneration]

   rPois:     It protects you from poison rN+: It protects you from negative
   energy.
   Will+:     It increases your willpower.
   +Blink:    It lets you blink.
   Regen+:    It increases your rate of health regeneration.
 j - a ring of flight (right hand)
   (You found it on level 2 of the Dungeon)
 n - a ring of fire
   (You found it on level 4 of the Dungeon)
 w - a ring of willpower
   (You found it on level 4 of the Dungeon)
 I - a ring of protection from cold
   (You found it on level 5 of the Dungeon)
Wands
 m - a wand of roots (19)
   (You found it on level 3 of the Dungeon)
 u - a wand of paralysis (4)
   (You found it on level 9 of the Dungeon)
 D - a wand of digging (7)
   (You bought it in a shop on level 7 of the Dungeon)
 N - a wand of light (5)
   (You bought it in a shop on level 7 of the Dungeon)
 P - a wand of mindburst (28)
   (You found it on level 7 of the Dungeon)
 T - a wand of polymorph (4)
   (You found it on level 4 of the Dungeon)
Scrolls
 c - 2 scrolls of poison
 k - 2 scrolls of vulnerability {!r}
 q - a scroll of blinking
 t - 8 scrolls of teleportation {@r4}
 H - a scroll of enchant armour
 S - a scroll of immolation {!r}
Potions
 d - a potion of ambrosia
 e - 2 potions of enlightenment
 g - 2 potions of resistance {unknown}
 l - a potion of heal wounds {@q2}
 r - a potion of attraction {!q}
 x - 5 potions of curing {@q1}
 L - a potion of might
Miscellaneous
 E - a phial of floods
   (You found it in a bailey)


   Skills:
 + Level 10.1 Fighting
 * Level 13.6 Axes
 * Level 12.1 Ranged Weapons
 - Level 2.4 Armour
 - Level 2.1 Dodging
 - Level 0.7 Stealth
 + Level 2.4 Evocations


You had 10 spell levels left.
You didn't know any spells.
Your spell library was empty.

Dungeon Overview and Level Annotations

Branches:
Dungeon (10/15) Zot: 25915  Temple (0/1) D:7            Lair (0/5) D:9
 Bailey (visited)
    Orc: D:9-12

Altars:
Cheibriados
Kikubaaqudgha
Makhleb
Qazlal
Sif Muna
Wu Jian

Shops:
D:6 (   D:7 *

Annotations:
D:4 1 runed translucent door, Crazy Yiuf


Innate Abilities, Weirdness & Mutations

You have a pair of horns on your head.
You reflexively headbutt those who attack you in melee.


Message History

The wight hits you with a +0 great sword!
You partially resist.
You feel drained.
The wight hits you with a +0 great sword.
You partially resist.
You feel drained.
You shoot a bolt. The bolt hits the wight.
The wight closely misses you.
Your +1 arbalest of freezing stops glowing.
You feel magic leave you.
a - a +4 antimagic executioner's axe (weapon)
You slice the wight!!
You destroy the wight!
Trog accepts your kill.
You start resting.
Things that are here:
a +0 great sword; a +0 robe
Things that are here:
a +4 spear of freezing; a +0 robe
Found a wand of roots (7).
Things that are here:
a +4 flail; a +0 robe
Items here: )) [[.
J - a +2 morningstar You drop a +0 morningstar.
m - a wand of roots (19) (gained 7 charges)
You now have 217 gold pieces (gained 20).
Found a dagger.
Found a leather armour.
Found a stone staircase leading down.
You see here a +0 leather armour.
Found 4 stones.
A two-headed ogre comes into view.
It is wielding a +0 giant spiked club and a +0 giant club.
The two-headed ogre shouts in stereo!
The two-headed ogre moves out of view.
Q - 107 stones (gained 4)
You hit the two-headed ogre but do no damage.
You headbutt the two-headed ogre.
The two-headed ogre hits you with a +0 giant spiked club!!
The two-headed ogre hits you with a +0 giant club!
You slice the two-headed ogre!! You headbutt the two-headed ogre.
The two-headed ogre hits you with a +0 giant spiked club!
* * * LOW HITPOINT WARNING * * *
The two-headed ogre barely misses you.
You barely miss the two-headed ogre. You hit the two-headed ogre.
You headbutt the two-headed ogre.
The two-headed ogre hits you with a +0 giant spiked club!!
* * * LOW HITPOINT WARNING * * *
The two-headed ogre hits you with a +0 giant club!
* * * LOW HITPOINT WARNING * * *
You hit the two-headed ogre.
The two-headed ogre hits you with a +0 giant spiked club!!
You die...

######## *** #......#
#,*** #......# #..,*
#......####
#...##########..........
#.......................
#......@................
#.....O######+#.........
#......*,,,,,,#.......##
#......*,,,,,,#.......#.
*#......*,,,,,,#.......#.
*.......*,,,,,,#.......#.
*.......+,,,,,,#.......#.
*.......*,,,,,,##......#.
*,,,,,,,*,,,,,,,#......#.


You could see a two-headed ogre.

Vanquished Creatures
  Erica (D:10)
  An orc knight (Bailey)
  A harpy (shapeshifter) (D:9)
  A troll (D:9)
  2 shadows (D:10)
  A wraith (D:10)
  18 yaks
  2 steam dragons (D:8)
  An acid dragon (D:5)
  A water moccasin (D:6)
  Pargi (D:3)
  A black bear (D:6)
  An ice beast (D:7)
  10 orc warriors (Bailey)
  A sky beast (D:7)
  An ogre (D:6)
  5 centaurs
  3 phantoms
  6 kobold brigands
  5 bullfrogs
  3 scorpions
  13 wights
  8 killer bees
  A howler monkey (D:6)
  4 hounds
  3 jellies
  6 orc priests
  5 orc wizards
  A sleepcap (D:8)
  Natasha (thrice) (D:4)
  Robin (D:4)
  7 adders
  6 gnolls
  A shadow imp (D:7)
  4 white imps
  4 ufetubi
  4 worms
  3 dart slugs
  33 orcs
  2 bats
  4 endoplasms
  A giant cockroach (D:1)
  13 goblins
  7 hobgoblins
  3 quokkas
  6 ball pythons
  3 frilled lizards
  28 kobolds
  4 rats
244 creatures vanquished.

Notes
Turn   | Place    | Note
-------+----------+-------------------------------------------
     0 | D:1      | Pooter the Minotaur Berserker began the quest for the Orb.
     0 | D:1      | Reached XP level 1. HP: 19/19 MP: 0/0
   185 | D:1      | Reached XP level 2. HP: 20/27 MP: 1/1
   482 | D:1      | Reached skill level 4 in Axes
   662 | D:2      | Reached skill level 1 in Ranged Weapons
   680 | D:2      | Identified a scroll of acquirement
   681 | D:2      | Acquired the amulet "Uppae" {+Blink rPois rN+ Will+ Regen+}
   793 | D:2      | Reached XP level 3. HP: 33/33 MP: 2/2
   946 | D:2      | Reached ** piety under Trog
  1272 | D:3      | Reached XP level 4. HP: 40/40 MP: 3/3
  1467 | D:3      | Found the +7 Throatcutter {drain, coup de grace}
  1467 | D:3      | Noticed a kobold brigand
  1467 | D:3      | Noticed a kobold brigand
  1478 | D:3      | Killed a kobold brigand
  1479 | D:3      | Reached skill level 5 in Axes
  1479 | D:3      | Reached XP level 5. HP: 47/47 MP: 4/4
  1748 | D:3      | Noticed Pargi
  1756 | D:3      | Killed Pargi
  1757 | D:3      | Reached skill level 5 in Fighting
  1757 | D:3      | Reached skill level 6 in Axes
  1757 | D:3      | Reached XP level 6. HP: 56/56 MP: 5/5
  2558 | D:4      | Noticed Natasha
  2567 | D:4      | Killed Natasha
  2624 | D:4      | Reached XP level 7. HP: 51/61 MP: 6/6
  2699 | D:4      | Found a runed translucent door.
  2700 | D:4      | Noticed Crazy Yiuf
  2731 | D:4      | Noticed Natasha
  2742 | D:4      | Killed Natasha
  2750 | D:4      | Noticed Natasha
  2757 | D:4      | Killed Natasha
  2797 | D:4      | Identified the +0 scale mail of the Moon {rElec MP+9}
  2815 | D:4      | Reached skill level 5 in Ranged Weapons
  2900 | D:4      | Reached *** piety under Trog
  2901 | D:4      | Noticed Robin
  2910 | D:4      | Killed Robin
  3128 | D:5      | Entered Level 5 of the Dungeon
  3135 | D:5      | Reached skill level 7 in Axes
  3291 | D:5      | Found an ornate altar of the Wu Jian Council.
  3827 | D:5      | Reached skill level 8 in Axes
  3827 | D:5      | Reached XP level 8. HP: 54/70 MP: 7/7
  4299 | D:6      | Found a stormy altar of Qazlal.
  4391 | D:6      | You are sucked into a shaft and drop 3 floors!
  4514 | D:9      | Reached skill level 9 in Axes
  4522 | D:9      | Found a shimmering blue altar of Sif Muna.
  4546 | D:9      | Found a staircase to the Lair.
  4546 | D:9      | Noticed a troll
  4612 | D:9      | HP: 2/71 [troll (12)]
  4613 | D:9      | Killed a troll
  4623 | D:8      | Found a burning altar of Makhleb.
  4623 | D:8      | Found an ancient bone altar of Kikubaaqudgha.
  4773 | D:9      | Reached XP level 9. HP: 51/79 MP: 8/8
  4925 | D:9      | Found a flagged portal.
  4937 | Bailey   | Entered a bailey
  5066 | Bailey   | Reached skill level 10 in Axes
  5448 | Bailey   | Noticed an orc knight
  5459 | Bailey   | Killed an orc knight
  5460 | Bailey   | Reached skill level 11 in Axes
  5520 | Bailey   | Acquired a +4 antimagic executioner's axe
  5617 | D:8      | Identified the +5 spear "Uwantewk" {flame, +Blink rF+ Str-4
                  | Int+4}
  5825 | D:7      | Found a staircase to the Ecumenical Temple.
  5858 | D:7      | Reached XP level 10. HP: 90/90 MP: 9/9
  6097 | D:7      | Reached skill level 10 in Ranged Weapons
  6183 | D:7      | Found Tofav's Assorted Antiques.
  6193 | D:7      | Bought a scroll of identify for 58 gold pieces
  6193 | D:7      | Bought a glass wand for 116 gold pieces
  6193 | D:7      | Bought a short lead wand for 116 gold pieces
  6422 | D:6      | Found Rovosuic's Weapon Boutique.
  6432 | D:6      | Reached skill level 12 in Axes
  9592 | D:9      | Noticed a harpy
  9595 | D:9      | Killed a harpy
  9596 | D:9      | Reached skill level 13 in Axes
  9596 | D:9      | Reached skill level 1 in Evocations
 10096 | D:10     | Entered Level 10 of the Dungeon
 10103 | D:10     | Noticed Erica
 10124 | D:10     | Killed Erica
 10125 | D:10     | Reached XP level 11. HP: 36/99 MP: 3/10
 10278 | D:10     | Reached skill level 10 in Fighting
 10467 | D:10     | Upgraded the game from 0.31-a0-963-ga325b2283a to
                  | 0.31-a0-965-g8a8ce12e04
 10751 | D:10     | Found a snail-covered altar of Cheibriados.
 11011 | D:10     | Reached **** piety under Trog
 11138 | D:10     | Noticed a two-headed ogre
 11145 | D:10     | Slain by a two-headed ogre

Illustrated notes

Levels and vault maps discovered:
D:1:      saegor_arrival_simple_b, layout_rooms
D:2:      layout_basic
D:3:      layout_loops_cross, dilly_guarded_unrand_throatcut, uniq_pargi
D:4:      layout_rooms, uniq_crazy_yiuf_cottage, uniq_robin, uniq_natasha
D:5:      mumra_celtic_spiral_tile, layout_rooms, mainiacjoe_overflow_brackets
D:6:      layout_loops_corners, lemuel_round_altar, serial_shops, shop,
          kennysheep_another_room
D:7:      layout_layer_cave, minmay_temple_entry_overgrown, serial_shops,
          nicolae_shop_crystal
D:8:      layout_loops_ring, nicolae_overflow_hidden_temple
D:9:      layout_cave_pods, mainiacjoe_overflow_concentric_impassable,
          lair_entry_dummy, enter_bailey_7, grunt_decor_fettered
D:10:     layout_irregular_city, kennysheep_slug_shrine, uniq_erica

Skill      XL: |  1  2  3  4  5  6  7  8  9 10 11 |
---------------+----------------------------------+-----
Axes           | 4 5 6 8 9 11 13 | 13.6
Ranged Weapons | 1 2 3 4 6 7 9 11 12 | 12.1
Fighting       | 4 5 6 7 8 9 10 | 10.1
Evocations     | 1 2 |  2.4
Armour         | |  2.4
Dodging        | |  2.1
Stealth        | |  0.7

Action                     |  1- 3 |  4- 6 |  7- 9 | 10-12 || total
---------------------------+-------+-------+-------+-------++-------
  Melee: Hand axe          |    44 |     6 |       |       ||    50
         Headbutt          |     5 |     5 |    21 |    30 ||    61
         Morningstar       |       |    31 |     1 |       ||    32
         War axe           |       |       |   140 |    15 ||   155
         Punch             |       |       |     4 |       ||     4
         Executioner's axe |       |       |       |   105 ||   105
   Fire: Orcbow            |    53 |    30 |   131 |       ||   214
         Shortbow          |       |       |    57 |     8 ||    65
         Arbalest          |       |       |       |    35 ||    35
 Invoke: Berserk           |       |     3 |     9 |     5 ||    17
         Trog's Hand       |       |     2 |    10 |     4 ||    16
  Evoke: Wand              |       |       |     7 |     5 ||    12
         Phial of floods   |       |       |       |     1 ||     1
    Use: Scroll            |     5 |       |    10 |     9 ||    24
         Potion            |       |       |     1 |     1 ||     2
 Armour: Ring mail         |    26 |       |   168 |   142 ||   336
         Chain mail        |     6 |    40 |    74 |       ||   120
  Dodge: Dodged            |    29 |    33 |   158 |    76 ||   296

Table legend: (Time is in decaauts)
 A = Elapsed time spent in this place.
 B = Non-inter-level travel time spent in this place.
 C = Inter-level travel time spent in this place.
 D = Time resting spent in this place.
 E = Time spent auto-exploring this place.
 F = Levels seen in this place.
 G = Mean time per level.
                   A        B        C        D        E       F      G
               +--------+--------+--------+--------+--------+-----+--------+
         Total |  11445 |  10993 |    452 |   2284 |   6243 |  11 | 1040.5 |
       Dungeon |  10802 |  10350 |    452 |   1971 |   6243 |  10 | 1080.2 |
        Bailey |    643 |    643 |      0 |    312 |      0 |   1 |  643.0 |
               +--------+--------+--------+--------+--------+-----+--------+

Top non-repeatable levels by time:
     D:6: 1663 daAuts
     D:7: 1501 daAuts
     D:9: 1430 daAuts
    D:10: 1082 daAuts
     D:8: 1045 daAuts
     D:3: 1006 daAuts
     D:4: 957 daAuts
     D:5: 845 daAuts
  Bailey: 643 daAuts
     D:1: 634 daAuts
     D:2: 633 daAuts
